 Dungeon Crawl Stone Soup version 0.22.0-18-ge075c0d (webtiles) character file.

744 Gorice the Cudgeler (level 8, -8/58 HPs)
             Began as a Human Wanderer on Aug 18, 2018.
             Was an Initiate of the Shining One.
             Engulfed by a cloud of flame (18 damage)
             ... on level 4 of the Dungeon.
             The game lasted 00:14:17 (4412 turns).

Gorice the Cudgeler (Human Wanderer)                Turns: 4412, Time: 00:14:18

Health: -8/58      AC: 11    Str: 13    XL:     8   Next: 5%
Magic:  8/8        EV:  9    Int: 15    God:    the Shining One [......]
Gold:   228        SH:  0    Dex: 12    Spells: 7/7 levels left

rFire    . . .     SeeInvis .   a - +0 flail (venom)
rCold    . . .     Gourm    .   (no shield)
rNeg     . . .     Faith    .   c - +2 scale mail
rPois    .         Spirit   .   i - +0 helmet
rElec    .         Reflect  .   (no cloak)
rCorr    .         Harm     .   (no gloves)
MR       .....                  (no boots)
Stlth    ..........             (no amulet)
HPRegen  0.19/turn              n - +1 ring of protection
MPRegen  0.11/turn              f - ring of flight

@: glowing
A: no striking features
a: Renounce Religion, Evoke Flight


You were on level 4 of the Dungeon.
You worshipped the Shining One.
The Shining One was noncommittal.
You were not hungry.

You visited 2 branches of the dungeon, and saw 5 of its levels.

You collected 228 gold pieces.

Inventory:

Hand Weapons
 a - a +0 flail of venom (weapon)
   (You took it off Edmund on level 4 of the Dungeon)
 g - a +0 mace
Missiles
 m - 4 needles of confusion
 o - 2 steel javelins
 t - 8 tomahawks (quivered)
 Y - 102 stones
Armour
 c - a +2 scale mail (worn)
 i - a +0 helmet (worn)
Jewellery
 f - a ring of flight (right hand)
 n - a +1 ring of protection (left hand)
Wands
 j - a wand of polymorph (10)
Scrolls
 b - 3 scrolls of teleportation {!r}
 e - a scroll of fear {!r}
 l - 2 scrolls of remove curse
 r - 2 scrolls of blinking
 s - a scroll of identify
Potions
 h - a potion of curing
 k - 2 potions of flight
Comestibles
 d - 9 rations
 q - 6 chunks of flesh


   Skills:
 - Level 3.0 Fighting
 * Level 7.4 Maces & Flails
 + Level 5.1 Armour
 - Level 1.0 Stealth
 - Level 1.0 Evocations


You had 7 spell levels left.
You didn't know any spells.
Your spell library was empty.

Dungeon Overview and Level Annotations

Branches:
Dungeon (4/15)             Temple (1/1) D:4

Altars:
Ashenzari
Cheibriados
Dithmenos
Elyvilon
Fedhas
Gozag
Hepliaklqana
Kikubaaqudgha
Makhleb
Nemelex Xobeh
Okawaru
Qazlal
Sif Muna
Trog
Uskayaw
Vehumet
Wu Jian
Xom
Yredelemnul
Zin
The Shining One

Shops:
D:4 [

Annotations:
D:3 Sigmund


Message History

The dream sheep stampedes away.
A dream sheep catches fire!
The dream sheep panics and turns to flee.
A dream sheep catches fire!
The dream sheep panics and turns to flee.
A dream sheep catches fire!
The dream sheep bleats in terror.
A dream sheep catches fire!
The dream sheep stampedes away.
You hear mad divine giggling.
Found a shimmering altar of Xom.
Unknown command.
Unknown command.
Unknown command.
Unknown command.
Unknown command.
Unknown command.
The dream sheep burns! x5
The dream sheep bleats! x5
You thump the dream sheep!
The dream sheep is poisoned.
Your attack snaps the dream sheep out of its fear.
The dream sheep is severely wounded.
The dream sheep burns! x5
The dream sheep explodes!
The fiery explosion engulfs the dream sheep.
The dream sheep explodes!
The fiery explosion engulfs the dream sheep.
The dream sheep explodes!
The fiery explosion engulfs you!
The fiery explosion engulfs the dream sheep.
The dream sheep explodes!
The fiery explosion engulfs you! The Shining One protects you from harm!
The fiery explosion engulfs the dream sheep.
The dream sheep's attack snaps the dream sheep out of its fear.
Your Armour skill increases to level 5!
You have reached level 8!
You feel clever.
The dream sheep burns! x2
The dream sheep is engulfed in blazing flames.
The dream sheep explodes!
The fiery explosion engulfs you!
* * * LOW HITPOINT WARNING * * *
Damage: 46 (max 46) Really quaff
p - a potion of heal wounds {!q}?
You feel much better.
You are engulfed in blazing flames.
* * * LOW HITPOINT WARNING * * *
Unknown command.
You are engulfed in blazing flames.
You die...

.#......#.......#....P.P.....(...
.#......#.......#.....>..........
.#......#.......#....P.P.........
.#......#...###+#................
.......##..##.........####+#.....
.......#............+......'.....
.......#............#......#.....
.......#.....§§§....#......#.....
.......#.....§§§@§..#...##.#.....
.##+#####+...§§§§§..######.###...
.............§§§§§..# #...#...
.............§§§.§..# #...#...
....................# #...#...
....................# #...#...
.'#############.....#######'##...
.................##...........##+
..............+...#...........#


There were no monsters in sight!

Vanquished Creatures
  Eustachio (D:4)
  Edmund (D:4)
  Purgy (D:4)
  A hound (D:4)
  Terence (D:2)
  Natasha (thrice) (D:2)
  2 worker ants (D:4)
  3 gnolls
  2 adders
  2 oozes
  An adder skeleton (D:4)
  A worm (D:2)
  3 leopard geckos
  2 ball pythons (D:1)
  4 bats
  5 giant cockroaches
  8 hobgoblins
  3 jackals (D:2)
  A quokka (D:4)
  A frilled lizard (D:1)
  6 goblins
  12 kobolds
  A quokka zombie (D:3)
  5 rats
70 creatures vanquished.

Vanquished Creatures (others)
  5 dream sheep (D:4)
5 creatures vanquished.

Grand Total: 75 creatures vanquished

Notes
Turn   | Place    | Note
-------+----------+-------------------------------------------
     0 | D:1      | Gorice the Human Wanderer began the quest for the Orb.
     0 | D:1      | Gorice set off with: a +2 scale mail, a scroll of teleportation {!r}, a +0 mace, a ration
     0 | D:1      | Reached XP level 1. HP: 18/18 MP: 1/1
   172 | D:1      | Reached XP level 2. HP: 23/24 MP: 2/2
   521 | D:1      | Reached XP level 3. HP: 27/29 MP: 3/3
   891 | D:2      | Reached skill level 4 in Maces & Flails
   955 | D:2      | Noticed Natasha
   970 | D:2      | Killed Natasha
   970 | D:2      | Reached XP level 4. HP: 18/35 MP: 4/4
  1021 | D:2      | Found a burning altar of Makhleb.
  1021 | D:2      | Found an ancient bone altar of Kikubaaqudgha.
  1021 | D:2      | Found a hide-covered altar of Uskayaw.
  1179 | D:1      | Reached skill level 3 in Armour
  1567 | D:2      | Noticed Natasha
  1578 | D:2      | Killed Natasha
  1578 | D:2      | Reached XP level 5. HP: 37/41 MP: 5/5
  1616 | D:2      | Noticed Terence
  1639 | D:2      | Killed Terence
  1639 | D:2      | Reached skill level 5 in Maces & Flails
  2069 | D:2      | Found a deep blue altar of Sif Muna.
  2151 | D:2      | Noticed Natasha
  2173 | D:2      | Killed Natasha
  2526 | D:3      | Found an iron altar of Okawaru.
  2532 | D:3      | Noticed Sigmund
  2578 | D:2      | Reached XP level 6. HP: 47/47 MP: 6/6
  2694 | D:3      | HP: 11/47 [Sigmund/magic dart (8)]
  3028 | D:3      | Found a stormy altar of Qazlal.
  3489 | D:4      | Found Bivoger's Antique Armour Shop.
  3616 | D:4      | Noticed Edmund
  3659 | D:4      | HP: 11/47 [Edmund/flail of venom (7)]
  3665 | D:4      | Killed Edmund
  3665 | D:4      | Reached skill level 6 in Maces & Flails
  3665 | D:4      | Reached skill level 4 in Armour
  3675 | D:4      | HP: 14/47 [poisoned by Edmund]
  3683 | D:4      | HP: 13/47 [poisoned by Edmund]
  3949 | D:4      | Found a staircase to the Ecumenical Temple.
  3987 | Temple   | Entered the Ecumenical Temple
  4089 | Temple   | Became a worshipper of the Shining One
  4128 | D:4      | Noticed Purgy
  4146 | D:4      | Killed Purgy
  4146 | D:4      | Reached XP level 7. HP: 45/52 MP: 7/7
  4174 | D:4      | Noticed Eustachio
  4189 | D:4      | Killed Eustachio
  4189 | D:4      | Reached skill level 7 in Maces & Flails
  4408 | D:4      | Found a shimmering altar of Xom.
  4408 | D:4      | Noticed a dream sheep
  4408 | D:4      | Noticed a dream sheep
  4408 | D:4      | Noticed a dream sheep
  4408 | D:4      | Noticed a dream sheep
  4408 | D:4      | Noticed a dream sheep
  4410 | D:4      | Killed a dream sheep
  4410 | D:4      | Killed a dream sheep
  4410 | D:4      | Killed a dream sheep
  4410 | D:4      | Killed a dream sheep
  4410 | D:4      | The Shining One protects you from harm!
  4410 | D:4      | Reached skill level 5 in Armour
  4410 | D:4      | Reached XP level 8. HP: 31/58 MP: 8/8
  4410 | D:4      | Killed a dream sheep
  4410 | D:4      | HP: 6/58 [dream sheep/exploding inner flame (25)]
  4412 | D:4      | Engulfed by a cloud of flame

Skill      XL: |  1  2  3  4  5  6  7 |
---------------+----------------------+-----
Maces & Flails | 4 5 6 7 |  7.4
Armour         | 3 4 5 |  5.1
Fighting       | |  3.0
Stealth        | |  1.0
Evocations     | |  1.0

Action                   |  1- 3 |  4- 6 |  7- 9 || total
-------------------------+-------+-------+-------++-------
Melee: Mace              |   109 |   222 |       ||   331
       Flail             |       |    14 |    21 ||    35
       Unarmed           |       |       |     7 ||     7
Throw: Javelin           |       |     6 |       ||     6
       Tomahawk          |       |     5 |     5 ||    10
       Throwing net      |       |     1 |       ||     1
  Use: Scroll            |     4 |     4 |       ||     8
       Potion            |       |     5 |     1 ||     6
  Eat: Chunk             |       |     9 |       ||     9
       Ration            |       |       |     1 ||     1
Armor: Scale mail        |    72 |   141 |     7 ||   220
Dodge: Dodged            |    50 |   112 |    14 ||   176

Table legend:
 A = Turns spent in this place as a percentage of turns spent in the entire game.
 B = Non-inter-level travel turns spent in this place as a percentage of non-inter-level travel turns spent in the entire game.
 C = Inter-level travel turns spent in this place as a percentage of turns spent in this place.
 D = Turns resting spent in this place as a percentage of non-inter-level travel turns spent in this place.
 E = Turns spent auto-exploring this place as a percentage of non-inter-level travel turns spent in this place.
 F = Non-inter-level travel turns spent in this place divided by the number of levels of this place that you've seen.
                   A       B       C       D       E      F
               +-------+-------+-------+-------+-------+----------------------
         Total | 100.0 | 100.0 |   4.1 |  31.9 |  37.4 | 846.0
       Dungeon |  97.4 |  97.5 |   4.0 |  32.7 |  36.4 | 1031.5
        Temple |   2.6 |   2.5 |   8.8 |   0.0 |  76.0 | 104.0
               +-------+-------+-------+-------+-------+----------------------

Vault maps used:
D:1:      roderic_crop_circles_arrival_small, feat_on_display
D:2:      gammafunk_temple_overflow_forgotten, first_ration, led_sif_pool,
          uniq_natasha, uniq_terence
D:3:      nicolae_qazlal_eye_of_the_storm, okawaru_ov_weapons_minmay,
          uniq_sigmund
D:4:      minmay_temple_entry_trees, serial_shops, shop, kb_xom_exploding_sheep,
          uniq_eustachio, uniq_edmund, uniq_purgy
Temple:   compressed_dpeg_circular_temple
